 Dungeon Crawl Stone Soup version 0.30-a0-339-g89bb51ec76 (webtiles) character file.

Game seed: 1412274908696554056

4014 Tocho the Basher (level 10, 0/50 HPs)
             Began as a Kobold Enchanter on Oct 31, 2022.
             Was a Believer of Sif Muna.
             Slain by a killer bee (7 damage)
             ... on level 9 of the Dungeon.
             The game lasted 00:44:07 (12567 turns).

Tocho the Basher (Kobold Enchanter)                Turns: 12567, Time: 00:44:08

Health: 0/50       AC:  6    Str: 14    XL:     10   Next: 47%
Magic:  14/14      EV: 31    Int: 18    God:    Sif Muna [**....]
Gold:   458        SH:  0    Dex: 16    Spells: 1/15 levels left

rFire   . . .      SeeInvis .    h - +3 demon whip
rCold   + . .      Faith    .    (no shield)
rNeg    . . .      Spirit   .    j - +2 robe {rC+}
rPois   .          Reflect  .    (no helmet)
rElec   .          Harm     .    (no cloak)
rCorr   .          Rampage  .    m - +0 pair of gloves
Will    .....                    f - +0 pair of boots
Stlth   ++++......               B - amulet of the acrobat
HPRegen 0.28/turn                b - ring of wizardry
MPRegen 0.14/turn                l - +6 ring of strength

@: mighty, about to teleport, acrobatic
A: small, no large weapons, nightstalker 3
a: Renounce Religion, Channel Magic


You were on level 9 of the Dungeon.
You worshipped Sif Muna.
Sif Muna was pleased with you.
You visited 2 branches of the dungeon, and saw 10 of its levels.

You collected 458 gold pieces.

Inventory:

Hand Weapons
 a - a +1 dagger
 h - a +3 demon whip (weapon)
 w - a +2 rapier of venom
Missiles
 c - 4 throwing nets (quivered)
 y - 5 large rocks
Armour
 f - a +0 pair of boots (worn)
 j - a +2 robe of cold resistance (worn)
 m - a +0 pair of gloves (worn)
Magical Staves
 e - a staff of conjuration
Jewellery
 b - a ring of wizardry (left hand)
 l - a +6 ring of strength (right hand)
 p - a ring of fire
 r - a ring of protection from cold
 B - an amulet of the acrobat (around neck)
Wands
 d - a wand of paralysis (6)
 v - a wand of polymorph (14)
Scrolls
 k - a scroll of teleportation
 q - a scroll of acquirement {unknown}
 t - a scroll of brand weapon {unknown}
 A - 2 scrolls of immolation
 C - 2 scrolls of enchant armour
Potions
 i - a potion of mutation
 n - 2 potions of heal wounds {unknown}
 o - a potion of berserk rage {unknown}
 s - 3 potions of brilliance
 u - 2 potions of attraction {unknown}
 x - a potion of ambrosia
Miscellaneous
 D - a condenser vane


   Skills:
 - Level 3.0 Short Blades
 - Level 12.0 Maces & Flails
 + Level 3.7 Dodging
 + Level 5.9 Stealth
 + Level 3.3 Spellcasting
 + Level 3.8 Hexes
 + Level 1.9 Earth Magic


You had one spell level left.
You knew the following spells:

 Your Spells              Type           Power      Damage    Failure   Level
a - Ensorcelled Hibernat  Hex/Ice        18%        N/A       4%          2
b - Confusing Touch       Hex            16%        N/A       4%          3
c - Sandblast             Erth           20%        2d7       2%          1
d - Passwall              Tmut/Erth      5%         N/A       6%          2
e - Tukima's Dance        Hex            16%        N/A       4%          3
f - Dazzling Flash        Conj/Hex       18%        N/A       9%          3

Your spell library contained the following spells:

 Spells                   Type           Power      Damage    Failure   Level
 Apportation              Tloc           4%         N/A       6%          1
 Necrotise                Necr           8%         1d4       6%          1
 Summon Small Mammal      Summ           8%         N/A       6%          1
 Stone Arrow              Conj/Erth      12%        3d7       13%         3


Dungeon Overview and Level Annotations

Branches:
Dungeon (9/15)             Temple (1/1) D:6            Lair (0/5) D:9
    Orc: D:9-12

Altars:
Ashenzari
Cheibriados
Dithmenos
Fedhas
Gozag
Hepliaklqana
Kikubaaqudgha
Makhleb
Nemelex Xobeh
Okawaru
Qazlal
Ru
Sif Muna
Trog
Uskayaw
Vehumet
Wu Jian
Xom
Yredelemnul
Zin
The Shining One

Shops:
D:5 [   D:8 =

Annotations:
D:9 2 transporters


Innate Abilities, Weirdness & Mutations

You are small and have problems with some larger weapons.
You are completely attuned to the shadows.


Message History

The killer bee completely misses you. The killer bee misses you.
A kobold comes into view.
There is an open door here.
The killer bee completely misses you. x2
You hear an angry buzzing noise.
The killer bee attacks as you move away!
The killer bee misses you.
The killer bee rages.
The killer bee misses you. The killer bee completely misses you.
You hear an angry buzzing noise.
The killer bee closely misses you. The killer bee misses you.
The killer bee attacks as you move away!
The killer bee completely misses you. The killer bee misses you.
The killer bee completely misses you. The killer bee misses you.
The killer bee stings you!
* * * LOW HITPOINT WARNING * * *
The killer bee stings you.
* * * LOW HITPOINT WARNING * * *
There is an open door, spattered with blood here.
You feel better. The killer bee barely misses you. x2
The killer bee misses you. The killer bee barely misses you.
The killer bee stings you but does no damage.
The killer bee closely misses you. x2; The killer bee barely misses you.
The killer bee stings you but does no damage.
The killer bee rages.
The killer bee completely misses you.
The queen bee calls on the killer bee to defend it!
The killer bee goes berserk!
The queen bee calls on the killer bee to defend it!
The killer bee goes berserk!
As you read the scroll of teleportation, it crumbles to dust.
You feel strangely unstable. The killer bee closely misses you.
The killer bee rages.
The killer bee stings you!
* * * LOW HITPOINT WARNING * * *
The killer bee barely misses you.
Okay, then.
The killer bee rages.
The killer bee stings you!
You die...

#...... ## #.......
+.###........
#.@##........
##.yyyK...... ©.8
####.y...... ####
####'#### ©.8######
#..†.# ...##...#
####'##
.).##'######## #..#
# ...##........####
#..# ##
.............'.)###
y.#yy#####.


You could see a queen bee, 3 killer bees and a kobold.

Vanquished Creatures
  A boulder beetle (D:6)
  A yak (D:9)
  Eustachio (D:4)
  2 black bears
  2 orc warriors (D:9)
  An ice beast (D:7)
  2 sky beasts
  3 centaurs
  An ogre (D:3)
  A phantom (D:5)
  A kobold brigand (D:8)
  4 bullfrogs
  A necrophage (D:6)
  2 gnoll sergeants (D:9)
  A scorpion (D:5)
  14 killer bees
  3 howler monkeys
  A jelly (D:8)
  2 gnoll boudas
  An orc priest (D:6)
  6 iguanas
  2 orc wizards
  Natasha (thrice) (D:2 D:1)
  22 gnolls
  7 adders
  2 ufetubi
  3 worms
  5 dart slugs
  20 orcs
  6 ball pythons
  4 bats
  6 endoplasms
  4 giant cockroaches
  9 goblins
  4 hobgoblins
  4 jackals (D:1)
  2 quokkas
  3 frilled lizards (D:2)
  7 kobolds
  6 rats
170 creatures vanquished.

Vanquished Creatures (others)
  18 fungi (D:9)
  13 plants (D:9)
31 creatures vanquished.

Grand Total: 201 creatures vanquished

Notes
Turn   | Place    | Note
-------+----------+-------------------------------------------
     0 | D:1      | Tocho the Kobold Enchanter began the quest for the Orb.
     0 | D:1      | Reached XP level 1. HP: 10/10 MP: 3/3
   260 | D:1      | Reached XP level 2. HP: 15/15 MP: 5/5
   387 | D:1      | Learned a level 2 spell: Ensorcelled Hibernation
   419 | D:1      | Reached XP level 3. HP: 19/19 MP: 1/6
  1681 | D:2      | Reached skill level 1 in Maces & Flails
  1681 | D:2      | Reached XP level 4. HP: 24/24 MP: 7/7
  2037 | D:2      | Noticed Natasha
  2041 | D:2      | Killed Natasha
  2042 | D:2      | Reached skill level 2 in Maces & Flails
  2377 | D:2      | Noticed Natasha
  2731 | D:2      | Killed Natasha
  2732 | D:2      | Reached XP level 5. HP: 28/28 MP: 1/8
  2815 | D:2      | Noticed Natasha
  3184 | D:1      | Killed Natasha
  3185 | D:1      | Reached skill level 3 in Maces & Flails
  3290 | D:3      | Noticed an ogre
  3673 | D:3      | Killed an ogre
  3674 | D:3      | Reached skill level 4 in Maces & Flails
  3674 | D:3      | Reached XP level 6. HP: 32/32 MP: 2/9
  4014 | D:4      | Found a sacrificial altar of Ru.
  4475 | D:4      | Learned a level 3 spell: Confusing Touch
  4477 | D:4      | Learned a level 1 spell: Sandblast
  4480 | D:4      | Learned a level 2 spell: Passwall
  4492 | D:4      | Found an ornate altar of the Wu Jian Council.
  4571 | D:4      | Noticed Eustachio
  4579 | D:4      | Killed Eustachio
  4580 | D:4      | Reached skill level 5 in Maces & Flails
  4580 | D:4      | Reached XP level 7. HP: 36/36 MP: 5/10
  4770 | D:4      | Found a stormy altar of Qazlal.
  5563 | D:5      | Entered Level 5 of the Dungeon
  5694 | D:5      | Found Gygiwk's Antique Armour Shoppe.
  5742 | D:5      | You fall into a shaft and drop 2 floors!
  5808 | D:7      | Reached skill level 6 in Maces & Flails
  6006 | D:6      | Noticed a boulder beetle
  6047 | D:6      | Reached XP level 8. HP: 34/41 MP: 11/11
  6185 | D:6      | Reached skill level 7 in Maces & Flails
  7565 | D:6      | Reached skill level 8 in Maces & Flails
  7691 | D:6      | Killed a boulder beetle
  7692 | D:6      | Reached skill level 9 in Maces & Flails
  7692 | D:6      | Reached XP level 9. HP: 21/45 MP: 6/12
  7783 | D:6      | Found a staircase to the Ecumenical Temple.
  7791 | D:6      | Reached skill level 10 in Maces & Flails
  7801 | Temple   | Entered the Ecumenical Temple
  8022 | Temple   | Became a worshipper of Sif Muna the Loreminder
 10608 | D:8      | Found a broken altar of Ashenzari.
 10794 | D:8      | Found Nerol's Jewellery Emporium.
 10849 | D:8      | Reached skill level 11 in Maces & Flails
 11047 | D:9      | Reached XP level 10. HP: 27/50 MP: 5/13
 11191 | D:9      | Reached * piety under Sif Muna
 11341 | D:9      | Found a transporter.
 11379 | D:9      | Found a shimmering altar of Xom.
 11383 | D:9      | Found a transporter.
 11383 | D:9      | Found a transporter.
 11486 | D:9      | Reached skill level 12 in Maces & Flails
 11495 | D:9      | Reached skill level 5 in Stealth
 11599 | D:9      | Found a transporter.
 11843 | D:9      | Learned a level 3 spell: Tukima's Dance
 11847 | D:9      | Learned a level 3 spell: Dazzling Flash
 11985 | D:9      | Found a bloodstained altar of Trog.
 12034 | D:9      | Reached skill level 1 in Earth Magic
 12420 | D:9      | Found a staircase to the Lair.
 12550 | D:9      | Reached ** piety under Sif Muna
 12567 | D:9      | Slain by a killer bee

Illustrated notes

Levels and vault maps discovered:
D:1:      psy_arrival_radial02, layout_loops_corners
D:2:      layout_loops_ring, uniq_natasha
D:3:      layout_basic, uniq_sigmund
D:4:      layout_layer_cave, nicolae_ru_awakened_eye,
          mainiacjoe_overflow_24_doors, nzn_wu_jian_council_hall,
          nicolae_ossuary_entry_ruins, skrybe_limestone_x, uniq_eustachio
D:5:      layout_layer_cave, serial_shops, shop
D:6:      layout_gridville, minmay_temple_entry_steel_oval,
          minmay_misc_feat_square, nicolae_hexahallways, grunt_ministairs_6
D:7:      layout_gridville
D:8:      minmay_chambers_of_fours, layout_loops_ring,
          ashenzari_conservatory_becter, serial_shops,
          nicolae_shop_advertising_works [nicolae_subvault_shop_adworks], shop,
          nicolae_shop_trees, kennysheep_generic_room_13
D:9:      layout_roguey, trog_hazing_becter, lemuel_tele_altar,
          grunt_lair_entry_orc_guard_hut, special_room [special_room_bee],
          nicolae_diode_quadrants
Temple:   bh_familiar_temple

Skill      XL: |  1  2  3  4  5  6  7  8  9 10 |
---------------+-------------------------------+-----
Short Blades   | 2 3 |  3.0
Maces & Flails | 1 2 4 5 6 9 11 12 | 12.0
Stealth        | 5 |  5.9
Dodging        | 3 |  3.7
Earth Magic    | 1 |  1.9
Spellcasting   | 3 |  3.3
Hexes          | |  3.8

Action                   |  1- 3 |  4- 6 |  7- 9 | 10-12 || total
-------------------------+-------+-------+-------+-------++-------
Melee: Dagger            |    38 |     8 |       |       ||    46
       Punch             |     2 |     2 |       |     3 ||     7
       Demon whip        |    38 |    61 |   109 |   180 ||   388
       Rapier            |       |       |    65 |     9 ||    74
 Cast: Ensorcelled Hiber |     6 |    32 |    51 |    14 ||   103
       Confusing Touch   |       |       |       |     3 ||     3
  Use: Scroll            |       |       |    17 |     1 ||    18
       Potion            |       |       |     4 |     3 ||     7
 Stab: Sleeping          |    23 |    20 |    46 |     7 ||    96
       Distracted        |       |     1 |     1 |     2 ||     4
Armor: Robe              |    13 |    13 |    40 |    30 ||    96
Dodge: Dodged            |    47 |    48 |   211 |   188 ||   494

Table legend: (Time is in decaauts)
 A = Elapsed time spent in this place.
 B = Non-inter-level travel time spent in this place.
 C = Inter-level travel time spent in this place.
 D = Time resting spent in this place.
 E = Time spent auto-exploring this place.
 F = Levels seen in this place.
 G = Mean time per level.
                   A        B        C        D        E       F      G
               +--------+--------+--------+--------+--------+-----+--------+
         Total |  12433 |  11307 |   1126 |   1642 |   7316 |  10 | 1243.3 |
       Dungeon |  12153 |  11131 |   1022 |   1642 |   7147 |   9 | 1350.3 |
        Temple |    279 |    175 |    104 |      0 |    169 |   1 |  279.0 |
               +--------+--------+--------+--------+--------+-----+--------+

Top non-repeatable levels by time:
     D:6: 2293 daAuts
     D:1: 2104 daAuts
     D:9: 1607 daAuts
     D:4: 1600 daAuts
     D:2: 1474 daAuts
     D:7: 1196 daAuts
     D:5: 1160 daAuts
     D:3: 371 daAuts
     D:8: 345 daAuts
  Temple: 279 daAuts
